[Event "ICC tourney 2040 (30 10)"]
[Site "Internet Chess Club"]
[Date "2020.10.04"]
[Round "5"]
[White "RisingRook"]
[Black "Danifrani"]
[Result "1/2-1/2"]
[ICCResult "Game drawn by mutual agreement"]
[WhiteElo "1964"]
[BlackElo "2051"]
[Opening "Sicilian: O'Kelly variation"]
[ECO "B28"]
[NIC "SI.43"]
[Time "19:01:40"]
[TimeControl "1800+10"]

1. e4 c5 2. Nf3 a6 3. c3 d5 4. exd5 Qxd5 5. d4 Nf6 6. Be2 cxd4 7. cxd4 e6 8.
Nc3 Qd6 9. O-O Nc6 10. Bc4 Be7 11. h3 b5 12. Bb3 Bb7 13. d5 exd5 14. Nxd5
Nxd5 15. Qxd5 O-O 16. Be3 Na5 17. Qxd6 Bxd6 18. Rad1 Bb4 19. Bd5 Bxd5 20.
Rxd5 Nc4 21. Bd4 Rfd8 22. Rg5 g6 23. Bf6 Rd7 24. Ne5 Nxe5 25. Rxe5 Kf8 26.
Rc1 Be7 27. Bxe7+ Rxe7 28. Rd5 Rae8 29. Rc6 Re1+ 30. Kh2 R1e2 31. Kg3 Rxb2
32. Rd7 Re6 33. Rcc7 Rf6 34. f4 Rb4 35. Ra7 Rbxf4 36. Rxa6 Rf3+ 37. gxf3
Rxa6 38. Rb7 Ra5 39. f4 Kg7 40. Kf3 Kf6 41. Ke4 Ra4+ 42. Kf3 Rb4 43. a3 Rb3+
44. Kg2 h5 45. Rb6+ Kf5 46. Rc6 f6 47. Rb6 h4 48. Kh2 Rxa3 49. Rxb5+ Kxf4
50. Rb4+ Kg5 51. Rg4+ Kh5 52. Rb4 Re3 53. Rg4 f5 54. Rg1 g5 55. Rf1 Re5 56.
Kg2 g4 57. hxg4+ fxg4 58. Rf8 Re2+ 59. Kf1 Rc2 60. Rf5+ Kg6 61. Rf8 g3 62.
Rg8+ Kf5 63. Rg7 Kf4 64. Rg6 Kf3 65. Rf6+ Kg4 66. Rg6+ Kh3 67. Rg8 g2+ 68.
Kg1 Rc1+ 69. Kf2 Rc6 70. Kg1 {Game drawn by mutual agreement} 1/2-1/2